 Dungeon Crawl Stone Soup version 0.29.0-4-gdea44cf6ec (webtiles) character file.

Game seed: 1272494581238313862

87 qw the Chopper (level 4, -1/26 HPs)
             Began as a Tengu Warper on Aug 28, 2022.
             Slain by Grinder (7 damage)
             ... on level 3 of the Dungeon.
             The game lasted 00:00:14 (2816 turns).

qw the Chopper (Tengu Warper)                       Turns: 2816, Time: 00:00:14

Health: -1/26      AC:  3    Str: 19    XL:     4   Next: 51%
Magic:  8/8        EV: 12    Int: 14    God:
Gold:   60         SH:  0    Dex: 13    Spells: 7/7 levels left

rFire   . . .      SeeInvis .   Y - +2 hand axe
rCold   . . .      Faith    .   (no shield)
rNeg    . . .      Spirit   .   b - +0 leather armour
rPois   .          Reflect  .   (helmet restricted)
rElec   .          Harm     .   (no cloak)
rCorr   .          Rampage  .   (no gloves)
Will    .....                   (boots unavailable)
Stlth   +.........              (no amulet)
HPRegen 0.08/turn               e - +6 ring of strength
MPRegen 0.11/turn               (no ring)

@: about to teleport
A: beak, talons 3
a: no special abilities


You were on level 3 of the Dungeon.
You visited 1 branch of the dungeon, and saw 3 of its levels.

You collected 109 gold pieces.
You spent 49 gold pieces at shops.


Innate Abilities, Weirdness & Mutations

You have a beak for a mouth.
You have claws for feet.


   Skills:
 - Level 2.0 Fighting
 + Level 5.1 Axes
 - Level 1.0 Throwing
 - Level 1.1 Armour
 - Level 2.1 Dodging
 - Level 2.0 Spellcasting
 - Level 2.4 Translocations


You had 7 spell levels left.
You didn't know any spells.
Your spell library contained the following spells:

 Spells                   Type           Power      Damage    Failure   Level
 Blink                    Tloc           16%        N/A       16%         2
 Gell's Gravitas          Tloc           8%         N/A       32%         3
 Lesser Beckoning         Tloc           8%         N/A       32%         3
 Teleport Other           Tloc           8%         N/A       32%         3
 Manifold Assault         Tloc           8%         N/A       96%         5

Inventory:

Hand Weapons
 j - a +0 flail
 Y - a +2 hand axe (weapon)
Missiles
 a - 5 boomerangs (quivered)
Armour
 b - a +0 leather armour (worn)
Jewellery
 e - a +6 ring of strength (left hand)
Scrolls
 c - 3 scrolls of identify
 d - a scroll of teleportation
 h - a scroll of enchant armour {unknown}
Potions
 f - a potion of haste
 g - a potion of invisibility {unknown}
 i - a potion of curing {unknown}

Dungeon Overview and Level Annotations

Branches:
Dungeon (3/15)

Altars:
Xom

Shops:
D:1 (

Annotations:
D:3 2 transporters, Grinder


Message History

You throw a boomerang. The boomerang hits the hobgoblin.
You kill the hobgoblin!
Grinder comes into view.
Grinder shouts!
Grinder blinks!
Grinder moves out of view.
A quokka comes into view.
Grinder blinks!
2804 ||| Stepping ~*~*~tactically~*~*~ (stealth).
The quokka bites you.
You closely miss the quokka. Your kick misses the quokka.
The quokka closely misses you.
You closely miss the quokka. Your peck misses the quokka.
The quokka bites you but does no damage.
You hit the quokka.
The quokka is heavily wounded.
The quokka bites you.
You slash the quokka!
You kill the quokka!
You see here a quokka corpse.
You closely miss Grinder. You peck Grinder.
Grinder is lightly wounded.
Grinder closely misses you.
You closely miss Grinder. Your kick misses Grinder. You peck Grinder.
Grinder is moderately wounded.
Grinder gestures at you. Pain shoots through your body!
You closely miss Grinder. You claw Grinder.
Grinder is moderately wounded.
Grinder hits you but does no damage.
You hit Grinder.
Grinder is moderately wounded.
Grinder hits you.
You writhe in agony.
You closely miss Grinder. Your peck misses Grinder.
Grinder is moderately wounded.
Grinder hits you.
2816 ||| READING 2 scrolls of teleportation.
As you read the scroll of teleportation, it crumbles to dust.
You feel strangely unstable. Grinder hits you!
You die...

#. ##. #. ..#.. ..
.. ## ###.
..###.###.
..#...#..##...#...#
.#...#...#...#...#
.#..###..#...#..##
##..#...#..###.....
#.5.#...#...#...###
#.@##...#...#..####
#..#..###.###..###..
#....#...........#
#.#
##...#...##.###..#
#.# #.#####.####
#..###.# #. #.#
##...... # #)#
#####.# #%# #.# #.#
######.#


You could see Grinder.

Vanquished Creatures
  An adder (D:3)
  A worm (D:3)
  4 dart slugs (D:1)
  4 orcs (D:3)
  6 bats
  6 endoplasms
  5 goblins
  4 hobgoblins
  5 jackals
  4 quokkas
  3 ball pythons
  6 frilled lizards
  5 kobolds
  3 rats
57 creatures vanquished.

Notes
Turn   | Place    | Note
-------+----------+-------------------------------------------
     0 | D:1      | qw the Tengu Warper began the quest for the Orb.
     0 | D:1      | Reached XP level 1. HP: 12/12 MP: 4/4
     0 | D:1      | 0 ||| qw: Version: 0.1-a-89-g26bdef1
     0 | D:1      | 0 ||| qw: Game counter: 1467
     0 | D:1      | 0 ||| qw: Always use a shield: true
     0 | D:1      | 0 ||| qw: God list: Okawaru
     0 | D:1      | 0 ||| qw: Allow faded altars: false
     0 | D:1      | 0 ||| qw: Do Orc after D:15 true
     0 | D:1      | 0 ||| qw: Do second Lair branch before Depths: true
     0 | D:1      | 0 ||| qw: Lair rune preference: random
     0 | D:1      | 0 ||| qw: Plans: Normal
     0 | D:1      | 0 ||| PLANNING D:1-11
    77 | D:1      | Found a faded altar of an unknown god.
    90 | D:1      | 90 ||| Stepping ~*~*~tactically~*~*~ (hiding).
   174 | D:1      | Reached XP level 2. HP: 17/17 MP: 6/6
   255 | D:1      | Reached skill level 3 in Axes
   295 | D:1      | 295 ||| Stepping ~*~*~tactically~*~*~ (stealth).
   310 | D:1      | 310 ||| Stepping ~*~*~tactically~*~*~ (stealth).
   340 | D:1      | 340 ||| Stepping ~*~*~tactically~*~*~ (stealth).
   341 | D:1      | 341 ||| Stepping ~*~*~tactically~*~*~ (stealth).
   486 | D:1      | 486 ||| Stepping ~*~*~tactically~*~*~ (water).
   910 | D:1      | 910 ||| Stepping ~*~*~tactically~*~*~ (stealth).
   931 | D:1      | 931 ||| Stepping ~*~*~tactically~*~*~ (stealth).
   932 | D:1      | 932 ||| Stepping ~*~*~tactically~*~*~ (stealth).
   934 | D:1      | 934 ||| Stepping ~*~*~tactically~*~*~ (stealth).
   940 | D:1      | Reached XP level 3. HP: 16/21 MP: 7/7
  1152 | D:1      | Reached skill level 4 in Axes
  1196 | D:1      | Found Nado's Weapon Shop.
  1202 | D:1      | 1202 ||| BUYING +0 flail (49 gold).
  1202 | D:1      | Bought a +0 flail for 49 gold pieces
  1202 | D:1      | 1202 ||| SHOPLISTING +1 morningstar of freezing (198 gold,
                  | have 8).
  1202 | D:1      | 1202 ||| DROPPING +0 club.
  1404 | D:1      | 1404 ||| READING 2 scrolls labelled EDAKLA ECVYF.
  1405 | D:1      | 1405 ||| READING scroll labelled HAVOITYFUHY.
  1406 | D:1      | 1406 ||| READING scroll labelled LUACSO NEODUI.
  1407 | D:1      | 1407 ||| READING scroll labelled RAUWODA GYEGOR.
  1410 | D:1      | 1410 ||| DRINKING 2 orange potions.
  1411 | D:1      | 1411 ||| DROPPING scroll of noise.
  1412 | D:1      | 1412 ||| DROPPING scroll of blinking.
  1435 | D:2      | Found a shimmering altar of Xom.
  1498 | D:2      | 1498 ||| Stepping ~*~*~tactically~*~*~ (stealth).
  1500 | D:2      | 1500 ||| Stepping ~*~*~tactically~*~*~ (hiding).
  1621 | D:2      | 1621 ||| READING scroll of enchant weapon.
  1621 | D:2      | 1621 ||| ENCHANTING +1 hand axe.
  1921 | D:2      | Reached XP level 4. HP: 25/26 MP: 8/8
  2287 | D:2      | 2287 ||| UPGRADING to +6 ring of strength.
  2288 | D:2      | 2288 ||| READING 3 scrolls labelled ERICVE ZOIM.
  2289 | D:2      | 2289 ||| READING 2 scrolls of identify.
  2289 | D:2      | 2289 ||| IDENTIFYING red potion
  2290 | D:2      | 2290 ||| DROPPING potion of brilliance.
  2478 | D:3      | Found a transporter.
  2497 | D:3      | Found a transporter.
  2552 | D:3      | 2552 ||| Stepping ~*~*~tactically~*~*~ (stealth).
  2555 | D:3      | 2555 ||| Stepping ~*~*~tactically~*~*~ (stealth).
  2561 | D:3      | 2561 ||| Stepping ~*~*~tactically~*~*~ (stealth).
  2562 | D:3      | 2562 ||| Stepping ~*~*~tactically~*~*~ (stealth).
  2563 | D:3      | 2563 ||| Stepping ~*~*~tactically~*~*~ (stealth).
  2565 | D:3      | 2565 ||| Stepping ~*~*~tactically~*~*~ (stealth).
  2671 | D:3      | Reached skill level 5 in Axes
  2801 | D:3      | Noticed Grinder
  2804 | D:3      | 2804 ||| Stepping ~*~*~tactically~*~*~ (stealth).
  2815 | D:3      | HP: 6/26 [Grinder (2)]
  2816 | D:3      | 2816 ||| READING 2 scrolls of teleportation.
  2816 | D:3      | Slain by Grinder

Levels and vault maps discovered:
D:1:      grunt_arrival_crossed_arrows, layout_loops_corners,
          hellmonk_ecumenical_altar_crossroads, serial_shops, shop, minivault_14
D:2:      layout_loops_ring, basic_altar, kennysheep_nondescript
D:3:      gammafunk_steamed_eel, layout_loops_ring, gammafunk_ghost_cemetery,
          minmay_misc_feat_nine_boxes, nicolae_titane, uniq_grinder

Skill      XL: |  1  2  3  4 |
---------------+-------------+-----
Axes           | 3 4 5 |  5.1
Fighting       | |  2.0
Throwing       | |  1.0
Armour         | |  1.1
Dodging        | |  2.1
Spellcasting   | |  2.0
Translocations | |  2.4

Action                   |  1- 3 |  4- 6 || total
-------------------------+-------+-------++-------
Melee: Hand axe          |    79 |    28 ||   107
       Kick              |    15 |     4 ||    19
       Punch             |     1 |       ||     1
       Peck              |    10 |     2 ||    12
Throw: Boomerang         |    21 |    14 ||    35
  Use: Scroll            |     5 |     3 ||     8
       Potion            |     1 |       ||     1
Armor: Leather armour    |    22 |     2 ||    24
Dodge: Dodged            |    44 |     9 ||    53

Table legend:
 A = Non-vault XP
 B = Vault XP
 C = Vault XP percentage of total XP
 D = Non-vault monster count
 E = Vault monster count
 F = Vault count percentage of total count
                 A         B        C        D         E       F
            +---------+---------+-------+---------+---------+-------
      Total |     125 |       0 |   0.0 |      57 |       0 |   0.0
            +---------+---------+-------+---------+---------+-------
        D:1 |      52 |       0 |   0.0 |      25 |       0 |   0.0
        D:2 |      32 |       0 |   0.0 |      21 |       0 |   0.0
        D:3 |      41 |       0 |   0.0 |      11 |       0 |   0.0
            +---------+---------+-------+---------+---------+-------
